AoeStats
← Hector

Arena

506342459Analyzed
4v4 RM · 19d ago on Sep 13, 2026· 35m 56s· 8 players
Game mode
Random Map
Map size
Large (8 player)
Population
200
Speed
Normal
Resources
Standard
Victory
Conquest
Starting age
Dark Age
Ending age
Imperial Age
RankedLock teamsTeams togetherTeam positionsShared explorationLock speedFull tech treeHidden civsTurbo modeCheats
Victory
Defeat
🇨🇳 Vietnamese · China
1549
+14
1516
+16
🇨🇳 Poles · China
1476
+17
🇨🇳 Franks · China
1460
+18
🇮🇳 Lithuanians · India
1545
-17
🇦🇺 Bohemians · Australia
1529
-17
🇨🇳 Persians · China
1511
-17
🇦🇹 Ethiopians · Austria
1457
-14
椒香三角铁
10:06 Feudal Age
13:50 Castle Age
12:22 Double-Bit Axe
12:44 Horse Collar
15:26 Bow Saw
25:40 Wheelbarrow
28:02 Imperial Age
25:22 Loom
25:23 Town Watch
25:56 Gold Mining
26:41 Hand Cart
26:32 Fletching
27:52 Thumb Ring
28:10 Ballistics
28:12 Bodkin Arrow
28:45 Bloodlines
28:36 Husbandry
29:11 Heavy Plow
30:16 Two-Man Saw
31:11 Chemistry
30:14 Heavy Cavalry Archer
31:39 Bracer
31:39 Padded Archer Armor
34:03 Leather Archer Armor
34:06 Squires
钙奶饼干
11:31 Feudal Age
12:29 Horse Collar
15:06 Castle Age
14:13 Double-Bit Axe
15:13 Light Cavalry
21:38 Heavy Plow
23:44 Wheelbarrow
28:54 Imperial Age
27:06 Fletching
27:58 Hand Cart
27:29 Town Watch
27:30 Loom
27:45 Bodkin Arrow
27:42 Gold Mining
28:12 Bow Saw
28:42 Husbandry
28:52 Bloodlines
30:38 Chemistry
30:09 Bracer
30:33 Thumb Ring
30:57 Padded Archer Armor
31:21 Ballistics
33:21 Leather Archer Armor
35:11 Lechitic Legacy
35:12 Conscription
35:14 Lechitic Legacy
35:34 Heavy Cavalry Archer
六七只
10:14 Feudal Age
13:47 Castle Age
11:34 Double-Bit Axe
23:57 Wheelbarrow
25:40 Hand Cart
25:10 Town Watch
25:11 Loom
28:37 Imperial Age
26:30 Scale Barding Armor
26:35 Forging
26:52 Bow Saw
26:36 Gold Mining
27:37 Chain Barding Armor
29:00 Gold Shaft Mining
29:01 Iron Casting
28:55 Husbandry
29:20 Chivalry
29:42 Conscription
28:45 Cavalier
30:02 Plate Barding Armor
29:56 Paladin
31:14 Scale Mail Armor
32:20 Blast Furnace
32:31 Squires
33:56 Stone Mining
滑西列夫斯稽
3:07 Double-Bit Axe
5:47 Horse Collar
10:53 Feudal Age
12:26 Bow Saw
14:28 Castle Age
13:01 Heavy Plow
18:38 Wheelbarrow
19:11 Loom
19:51 Loom
21:43 Hand Cart
21:24 Loom
27:09 Imperial Age
25:01 Stone Mining
25:03 Gold Mining
26:24 Two-Man Saw
25:21 Loom
25:22 Town Watch
25:49 Stone Mining
26:35 Gold Shaft Mining
27:10 Stone Shaft Mining
26:39 Scale Mail Armor
27:05 Squires
27:13 Pikeman
27:50 Halberdier
28:45 Chain Mail Armor
28:43 Guilds
29:42 Chemistry
29:57 Plate Mail Armor
29:41 Caravan
31:04 Forging
31:02 Scale Barding Armor
32:50 Iron Casting
34:29 Conscription
34:31 Chain Barding Armor
35:14 Blast Furnace
34:00 Treadmill Crane
34:31 Fortified Wall
34:51 Elite Coustillier
36:08 Plate Barding Armor
35:34 Husbandry
anshumessi420
10:08 Feudal Age
12:13 Double-Bit Axe
14:47 Castle Age
12:56 Horse Collar
25:20 Stone Mining
25:24 Gold Mining
26:25 Wheelbarrow
25:37 Loom
29:26 Imperial Age
27:50 Bow Saw
28:07 Heavy Plow
28:56 Stone Shaft Mining
28:43 Bloodlines
28:34 Husbandry
29:18 Scale Barding Armor
30:27 Chain Barding Armor
30:17 Elite Leitis
31:24 Conscription
32:23 Plate Barding Armor
31:59 Forging
34:35 Iron Casting
34:07 Fletching
Boar
10:28 Feudal Age
10:59 Double-Bit Axe
14:08 Castle Age
12:22 Horse Collar
17:28 Bow Saw
19:51 Heavy Plow
21:17 Wheelbarrow
23:18 Gold Mining
24:56 Loom
25:04 Stone Mining
27:00 Gold Shaft Mining
27:31 Hand Cart
27:02 Town Watch
28:17 Stone Shaft Mining
30:45 Imperial Age
28:35 Scale Barding Armor
28:41 Forging
29:24 Husbandry
29:35 Bloodlines
30:03 Chain Barding Armor
29:54 Forging
29:48 Devotion
31:49 Conscription
30:52 Elite War Elephant
32:23 Plate Barding Armor
32:23 Iron Casting
32:50 Hoardings
32:28 Citadels
31:45 Pikeman
32:29 Halberdier
33:13 Scale Mail Armor
34:22 Padded Archer Armor
34:25 Squires
34:11 Arson
35:29 Chemistry
35:52 Two-Man Saw
35:23 Crop Rotation
36:01 Leather Archer Armor
jwL
10:23 Feudal Age
14:27 Castle Age
12:32 Double-Bit Axe
12:53 Horse Collar
15:34 Bow Saw
20:02 Town Watch
20:33 Loom
21:00 Fervor
21:35 Wheelbarrow
22:06 Heavy Plow
25:02 Hand Cart
28:58 Imperial Age
28:11 Chemistry
27:46 Scale Mail Armor
27:57 Forging
27:09 Pikeman
27:50 Squires
28:04 Town Patrol
28:43 Sanctity
29:18 Chain Mail Armor
29:14 Wagenburg Tactics
29:06 Halberdier
30:07 Fortified Wall
30:57 Plate Mail Armor
31:12 Fortified Wall
32:00 Iron Casting
33:30 Fletching
34:04 Conscription
33:57 Masonry
35:10 Blast Furnace
34:31 Bodkin Arrow
34:36 Padded Archer Armor
34:05 Elite Skirmisher
Hector
10:44 Feudal Age
14:27 Castle Age
12:24 Double-Bit Axe
12:19 Horse Collar
16:35 Heavy Plow
16:45 Bow Saw
16:52 Bow Saw
24:33 Wheelbarrow
23:44 Loom
25:36 Gold Mining
25:37 Stone Mining
29:06 Imperial Age
26:43 Scale Mail Armor
27:33 Hand Cart
28:24 Chain Mail Armor
28:20 Forging
28:18 Squires
31:02 Chemistry
30:34 Plate Mail Armor
30:26 Conscription
29:44 Halberdier
31:40 Iron Casting
31:44 Fletching
32:00 Siege Engineers
32:37 Torsion Engines
33:11 Ballistics
33:14 Bodkin Arrow
33:33 Masonry
34:59 Two-Man Saw
35:00 Blast Furnace
Connection lost

Rejoining the realm…

Still unreachable

The connection could not be restored.

Session expired

The server has moved on; the page needs a fresh start.